 Dungeon Crawl Stone Soup version 0.31-a0-662-g684573625c (webtiles) character file.

Game seed: 2138758046957388032

121 jlumianski the Covered (level 4, -2/35 HPs)
             Began as a Demonspawn Fighter on Aug 31, 2023.
             Slain by MathMan16's ghost (9 damage)
             ... on level 2 of the Dungeon.
             The game lasted 00:07:20 (2618 turns).

jlumianski the Covered (Demonspawn Fighter)         Turns: 2618, Time: 00:07:20

Health: -2/35      AC:  9    Str: 19    XL:     4   Next: 77%
Magic:  4/4        EV: 14    Int:  9    God:
Gold:   81         SH:  5    Dex: 18    Spells: 3/3 levels left

rFire   . . .        a - +0 war axe
rCold   . . .        c - +0 buckler
rNeg    . . .        r - +1 scale mail {rPois}
rPois   +            n - +0 helmet
rElec   .            (no cloak)
rCorr   .            (no gloves)
SInv    .            (no boots)
Will    .....        (no amulet) Stlth
                     k - +5 ring of evasion
HPRegen 0.25/turn    p - +6 ring of dexterity
MPRegen 0.09/turn

%: no passive effects
@: mighty
A: hooves 2
a: no special abilities


You were on level 2 of the Dungeon.
You visited 1 branch of the dungeon, and saw 4 of its levels.

You collected 81 gold pieces.

Inventory:

Hand Weapons
 a - a +0 war axe (weapon)
 t - a +0 trident of venom
 u - the +3 dagger of Impatience {freeze, *Rage rElec rF+ SInv}
   (You found it on level 3 of the Dungeon)

   rF+:       It protects you from fire.
   rElec:     It insulates you from electricity.
   SInv:      It lets you see invisible.
   *Rage:     It berserks you when you make melee attacks (+20% chance).
Missiles
 h - 16 stones (quivered)
Armour
 b - a +0 scale mail
 c - a +0 buckler (worn)
 n - a +0 helmet (worn)
 r - a +1 scale mail of poison resistance (worn)
Jewellery
 k - a +5 ring of evasion (left hand)
 p - a +6 ring of dexterity (right hand)
Wands
 s - a wand of light (4)
Scrolls
 e - a scroll of enchant armour {unknown}
 g - a scroll of identify {unknown}
 l - a scroll of fear {unknown}
 m - a scroll of teleportation
 o - a scroll of blinking {unknown}
 v - a scroll of vulnerability {unknown}
Potions
 d - 2 potions of might
 f - 2 potions of degeneration {unknown}
 i - 2 potions of curing {unknown}
 j - a potion of mutation {unknown}
 q - 2 potions of heal wounds {unknown}


   Skills:
 + Level 3.4 Fighting
 + Level 2.8 Axes
 + Level 3.6 Armour
 + Level 0.5 Dodging
 + Level 0.1 Stealth
 + Level 3.2 Shields


You had 3 spell levels left.
You didn't know any spells.
Your spell library was empty.

Dungeon Overview and Level Annotations

Branches:
Dungeon (4/15)
 Temple: D:4-7

Altars:
Cheibriados
Yredelemnul

Annotations:
D:2 MathMan16's ghost, amateur DrIE
D:3 1 runed translucent door


Innate Abilities, Weirdness & Mutations

You have hoof-like feet.


Message History

You feel strangely unstable.
It was a scroll of teleportation.
Your surroundings suddenly seem different.
A dart slug comes into view.
Found 2 stones.
The dart slug bites you but does no damage.
You slash the dart slug!
You kill the dart slug!
h - 16 stones (gained 2) MathMan16's ghost turns its malevolent gaze towards you.
Could not explore, unopened runed door.
You open the door.
You see here a +0 ring mail.
There is a stone staircase leading up here.
Aiming: Bolt of Light
Press: ? - help, Shift-Dir - straight line, f - MathMan16's ghost
Aim: MathMan16's ghost (64% to hit)
The bolt of light misses MathMan16's ghost.
MathMan16's ghost freezes you.
You are frozen!
You climb upwards.
There is a stone staircase leading down here.
You hit MathMan16's ghost.
MathMan16's ghost is lightly damaged.
MathMan16's ghost misses you.
You barely miss MathMan16's ghost. Your kick misses MathMan16's ghost.
MathMan16's ghost is lightly damaged.
MathMan16's ghost hits you.
You hit MathMan16's ghost.
MathMan16's ghost is moderately damaged.
MathMan16's ghost freezes you.
You are frozen!
* * * LOW HITPOINT WARNING * * *
MathMan16's ghost hits you.
* * * LOW HITPOINT WARNING * * *
You feel very mighty all of a sudden. MathMan16's ghost misses you.
You closely miss MathMan16's ghost. Your kick misses MathMan16's ghost.
MathMan16's ghost is moderately damaged.
MathMan16's ghost hits you!
You die...

#...#.# ##..#.............###....
#...#.# ##.#.####.##.....#......
#...#.#####.#.......#######.#....
#...#............................
#...#######.####.......####.#####
.......................# #.#
....############.......## #.#
....# ####### #W.......# #.#
....# #.....# #@.......###.#####
##### #.....# #####........#....
#.....#######........#.###
#................_...#.###
#.........................
#.........................
#####.........#...........
#.........#...........
#.........#...........


You could see MathMan16's ghost.

Vanquished Creatures
  Terence (D:2)
  2 adders
  A worm (D:2)
  5 dart slugs
  3 orcs (D:3)
  4 bats
  4 endoplasms
  5 giant cockroaches
  8 goblins
  4 hobgoblins
  3 jackals (D:1)
  4 kobolds (D:1)
  3 quokkas
  5 ball pythons
  2 frilled lizards (D:1)
  3 rats
57 creatures vanquished.

Notes
Turn   | Place    | Note
-------+----------+-------------------------------------------
     0 | D:1      | jlumianski the Demonspawn Fighter began the quest for the
                  | Orb.
     0 | D:1      | Reached XP level 1. HP: 18/18 MP: 1/1
   333 | D:1      | Gained mutation: You have large cloven feet. [demonic
                  | ancestry]
   333 | D:1      | Reached XP level 2. HP: 21/24 MP: 2/2
   518 | D:2      | Reached XP level 3. HP: 29/29 MP: 3/3
  1064 | D:2      | Identified the +6 short sword of Uncomfortable Rashes
                  | {distort, Fly Int-5 Dex+3}
  1341 | D:2      | Noticed Terence
  1358 | D:2      | Killed Terence
  1359 | D:2      | Gained mutation: You have hoof-like feet. [demonic
                  | ancestry]
  1359 | D:2      | Reached XP level 4. HP: 35/35 MP: 4/4
  1590 | D:2      | Found a snail-covered altar of Cheibriados.
  1844 | D:3      | Identified the +3 dagger of Impatience {freeze, *Rage rElec
                  | rF+ SInv}
  2139 | D:3      | Found a runed translucent door.
  2140 | D:3      | Noticed MathMan16's ghost (amateur DrIE)
  2348 | D:3      | Found a basalt altar of Yredelemnul.
  2547 | D:3      | Found a runed translucent door.
  2618 | D:2      | Slain by MathMan16's ghost

Illustrated notes

Levels and vault maps discovered:
D:1:      minmay_arrival_three_doors, layout_basic
D:2:      layout_basic, basic_altar, grunt_ministairs_14, uniq_terence
D:3:      minmay_skewed_foursquare, layout_loops_ring, lemuel_crystal_altar,
          ebering_ghost_sewer_f
D:4:      layout_basic, nicolae_uskayaw_en_pointe, vehumet_crystals,
          minmay_misc_feat_encased, chequers_serial_rivers_micro_b, uniq_duvessa

Skill      XL: |  1  2  3 |
---------------+----------+-----
Armour         | 3 |  3.6
Axes           | 2 |  2.8
Shields        | 3 |  3.2
Fighting       | |  3.4
Dodging        | |  0.5
Stealth        | |  0.1

Action                     |  1- 3 |  4- 6 || total
---------------------------+-------+-------++-------
  Melee: War axe           |    73 |    51 ||   124
         Kick              |    13 |    12 ||    25
  Evoke: Wand              |       |     1 ||     1
    Use: Scroll            |       |     1 ||     1
         Potion            |       |     1 ||     1
 Armour: Scale mail        |    47 |    24 ||    71
  Dodge: Dodged            |    42 |    33 ||    75
  Block: Buckler           |    15 |     9 ||    24

Table legend: (Time is in decaauts)
 A = Elapsed time spent in this place.
 B = Non-inter-level travel time spent in this place.
 C = Inter-level travel time spent in this place.
 D = Time resting spent in this place.
 E = Time spent auto-exploring this place.
 F = Levels seen in this place.
 G = Mean time per level.
                   A        B        C        D        E       F      G
               +--------+--------+--------+--------+--------+-----+--------+
         Total |   2672 |   2633 |     39 |      0 |   1823 |   4 |  668.0 |
       Dungeon |   2672 |   2633 |     39 |      0 |   1823 |   4 |  668.0 |
               +--------+--------+--------+--------+--------+-----+--------+

Top non-repeatable levels by time:
     D:1: 936 daAuts
     D:2: 857 daAuts
     D:3: 825 daAuts
     D:4: 53 daAuts
